[Event "Titled Tuesday Blitz December 14 2021"]
[White "Zierk, Steven"]
[Black "Stoleriu, George"]
[WhiteFideId "2034255"]
[BlackFideId "1227505"]
[WhiteElo "2494"]
[BlackElo "2199"]
[Result "1-0"]
[Round "07"]
[TimeControl "180+1"]
[Date "2021.12.14"]
[WhiteClock "0:00:50"]
[BlackClock "0:00:02"]

1. e4 e6 2. d4 d5 3. Nd2 Be7 4. Ngf3 Nf6 5. Bd3 c5 6. dxc5 dxe4 7. Nxe4 Nxe4 8. Bxe4 Qxd1+ 9. Kxd1 Bxc5 10. Ke2 Nd7 11. Bf4 Nf6 12. Bd3 Ke7 13. c4 Bd7 14. Ne5 Be8 15. a3 Bd4 16. Nf3 Bb6 17. b4 Rc8 18. Rhd1 Bc7 19. Be3 a6 20. Bc5+ Bd6 21. Bxd6+ Kxd6 22. Bxh7+ Ke7 23. Bd3 Bc6 24. h3 Nd7 25. Rac1 Bxf3+ 26. Kxf3 Ne5+ 27. Ke3 Rhd8 28. c5 Rc7 29. Be2 Rxd1 30. Rxd1 a5 31. Kd4 f6 32. f4 Ng6 33. g3 axb4 34. axb4 e5+ 35. Ke4 exf4 36. gxf4 Nf8 37. Rd6 Ne6 38. Bg4 Nd8 39. Bf5 Nc6 40. b5 Na5 41. Kd5 Nb3 42. c6 Na5 43. cxb7 Nxb7 44. Rc6 1-0


[Site "https://www.chess.com"]

[Event "Titled Tuesday Blitz December 14 2021"]
[White "Zivkovic, Nemanja"]
[Black "Mujumdar, Sameer"]
[WhiteFideId "942154"]
[BlackFideId "2029707"]
[WhiteElo "2384"]
[BlackElo "2104"]
[Result "0-1"]
[Round "07"]
[TimeControl "180+1"]
[Date "2021.12.15"]
[WhiteClock "0:00:01"]
[BlackClock "0:00:05"]

1. e4 c5 2. Nf3 e6 3. c3 d5 4. exd5 exd5 5. d4 Nf6 6. Bd3 Be7 7. dxc5 O-O 8. O-O Bxc5 9. Nbd2 Nc6 10. Nb3 Bd6 11. h3 Ne5 12. Nxe5 Bxe5 13. Qf3 Qd6 14. Be3 Be6 15. Bd4 Rfe8 16. Rfe1 Bxd4 17. Nxd4 a6 18. Re2 Re7 19. Rae1 Rae8 20. g4 h6 21. Kg2 Bd7 22. Rxe7 Rxe7 23. Rxe7 Qxe7 24. Qf4 Be6 25. Qb8+ Ne8 26. a4 Kf8 27. a5 Qc7 28. Nxe6+ fxe6 29. Qxc7 Nxc7 30. f4 Ke7 31. Kf3 Kd6 32. Ke3 Ne8 33. h4 Nf6 34. g5 Nd7 35. b4 Nb8 36. Bc2 Nc6 37. Ba4 d4+ 38. Kd3 dxc3 39. Kxc3 Ne7 40. Kd4 Nd5 41. b5 axb5 42. Bxb5 Nxf4 43. Ke4 hxg5 44. hxg5 e5 45. Bc4 Ne6 46. Kf5 Nd4+ 47. Kg6 Nc6 48. Kxg7 Nxa5 49. Bb5 e4 50. Kf7 e3 51. g6 Nc6 52. Bxc6 e2 53. g7 e1=Q 54. g8=Q Qe7+ 55. Kg6 bxc6 56. Qb8+ Kc5 57. Kf5 Qd6 58. Qa7+ Kd5 59. Kg4 Qc5 60. Kf3 Qxa7 0-1


[Site "https://www.chess.com"]

[Event "Titled Tuesday Blitz December 14 2021"]
[White "Zubov, Alexander"]
[Black "Saydaliev, Saidakbar"]
[WhiteFideId "14109409"]
[BlackFideId "14203693"]
[WhiteElo "2685"]
[BlackElo "2279"]
[Result "1-0"]
[Round "07"]
[TimeControl "180+1"]
[Date "2021.12.14"]
[WhiteClock "0:00:12"]
[BlackClock "0:00:02"]

1. e4 c5 2. Nf3 d6 3. d4 cxd4 4. Nxd4 Nf6 5. Nc3 a6 6. Be3 e5 7. Nf3 Be7 8. Bc4 Be6 9. Bb3 O-O 10. O-O Nc6 11. Bg5 Rc8 12. Bxf6 Bxf6 13. Nd5 Na5 14. c3 Be7 15. Qd3 b5 16. Rfd1 Bxd5 17. Bxd5 Qc7 18. a4 Nc4 19. Qe2 Rb8 20. axb5 axb5 21. h4 h5 22. Ra6 Rfc8 23. Rda1 Qd8 24. Ra7 Rc7 25. Ra8 Rxa8 26. Rxa8 Rc8 27. Ra6 g6 28. g3 Kg7 29. Kg2 Qd7 30. b3 Na3 31. Rxa3 Rxc3 32. Ra8 Bd8 33. Qd2 b4 34. Ng5 Bxg5 35. Qxg5 Rc8 36. Rxc8 Qxc8 37. Qe7 1-0


[Site "https://www.chess.com"]

[Event "Titled Tuesday Blitz December 14 2021"]
[White "Artemiev, Vladislav"]
[Black "Shubin, Kirill"]
[WhiteFideId "24101605"]
[BlackFideId "34119962"]
[WhiteElo "2830"]
[BlackElo "2501"]
[Result "1-0"]
[Round "08"]
[TimeControl "180+1"]
[Date "2021.12.14"]
[WhiteClock "0:00:45"]
[BlackClock "0:00:28"]

1. Nf3 Nf6 2. g3 b5 3. Bg2 Bb7 4. O-O e6 5. b3 c5 6. c4 bxc4 7. bxc4 Be7 8. Nc3 O-O 9. Rb1 Bc6 10. d3 d6 11. Nd2 Bxg2 12. Kxg2 Nc6 13. Qa4 Qd7 14. Nf3 h6 15. Bd2 Rfb8 16. Rb3 d5 17. Rfb1 d4 18. Ne5 Nxe5 19. Rxb8+ Rxb8 20. Rxb8+ Kh7 21. Qxd7 Nexd7 22. Rb7 dxc3 23. Bxc3 Bd8 24. Rxa7 Kg6 25. a4 e5 26. a5 Kf5 27. a6 Nb8 28. Ra8 Nc6 29. Rxd8 1-0


[Site "https://www.chess.com"]

[Event "Titled Tuesday Blitz December 14 2021"]
[White "Babazada, Khazar"]
[Black "Madaminov, Mukhiddin"]
[WhiteFideId "13413554"]
[BlackFideId "14210703"]
[WhiteElo "2302"]
[BlackElo "1916"]
[Result "1-0"]
[Round "08"]
[TimeControl "180+1"]
[Date "2021.12.14"]
[WhiteClock "0:02:09"]
[BlackClock "0:00:13"]

1. Nf3 Nf6 2. g3 d5 3. Bg2 c6 4. O-O Bg4 5. b3 Nbd7 6. Bb2 e6 7. d3 Bd6 8. Nbd2 O-O 9. e4 Qe7 10. h3 Bxf3 11. Qxf3 Be5 12. d4 dxe4 13. Nxe4 Nxe4 14. Qxe4 Bd6 15. a4 Nf6 16. Qe2 Rad8 17. a5 a6 18. c4 Bb4 19. c5 Nd5 20. Bxd5 Rxd5 21. Ra4 Bxc5 22. dxc5 Rfd8 23. Rg4 e5 24. Re1 f6 25. b4 Qf7 26. Qe3 Rd3 27. Qc1 Qb3 28. Qc4+ Qxc4 29. Rxc4 Rd2 30. Bc1 Rd1 31. Rxd1 Rxd1+ 32. Kg2 Kf7 33. Be3 Ke6 34. h4 Kd5 35. Rc2 Ke4 36. Rd2 Rxd2 37. Bxd2 h5 38. Be1 Kd3 39. Kf3 g6 40. g4 hxg4+ 41. Kxg4 Ke2 42. Bc3 Kxf2 43. h5 gxh5+ 44. Kxh5 Ke3 45. Kg6 Kd3 46. Be1 e4 47. Kxf6 e3 48. Ke5 e2 49. Kd6 1-0


[Site "https://www.chess.com"]

[Event "Titled Tuesday Blitz December 14 2021"]
[White "Bacrot, Etienne"]
[Black "Nesterov, Arseniy"]
[WhiteFideId "605506"]
[BlackFideId "24198455"]
[WhiteElo "2673"]
[BlackElo "2489"]
[Result "1-0"]
[Round "08"]
[TimeControl "180+1"]
[Date "2021.12.14"]
[WhiteClock "0:00:08"]
[BlackClock "0:00:07"]

1. d4 d5 2. Nf3 Nf6 3. c4 e6 4. Nc3 Nbd7 5. Bf4 dxc4 6. e3 b5 7. Nxb5 Bb4+ 8. Nc3 Nd5 9. Rc1 N7b6 10. Bg3 O-O 11. e4 Nxc3 12. bxc3 Ba3 13. Rb1 Bb7 14. Qc2 c5 15. Be2 cxd4 16. Nxd4 Bc5 17. Nb5 Qg5 18. h4 Qg6 19. Bf3 h5 20. Bd6 Rfc8 21. O-O Ba6 22. Bxc5 Rxc5 23. Nxa7 e5 24. Bxh5 Qh6 25. Qc1 Qxh5 26. Rxb6 Rxa7 27. Qa3 Rcc7 28. Rxa6 Rxa6 29. Qxa6 Qxh4 30. Qd6 Rb7 31. Qxe5 Re7 32. Qd4 Rxe4 33. Qd5 Qf4 34. a4 Re5 35. Qd6 Qe4 36. a5 Rxa5 37. Qd8+ Kh7 38. Qxa5 Qd3 39. Qh5+ Kg8 40. Qf3 Qd2 41. Qg3 g6 42. Qe3 Qc2 43. Qd4 Qb3 44. Qd8+ Kg7 45. Qd4+ Kg8 46. g3 Qc2 47. Re1 Qa2 48. Kg2 Kh7 49. Re4 Kg8 50. Rh4 Qa7 51. Qh8# 1-0


[Site "https://www.chess.com"]

[Event "Titled Tuesday Blitz December 14 2021"]
[White "Baskin, Robert"]
[Black "Keymer, Vincent"]
[WhiteFideId "24662402"]
[BlackFideId "12940690"]
[WhiteElo "2488"]
[BlackElo "2557"]
[Result "0-1"]
[Round "08"]
[TimeControl "180+1"]
[Date "2021.12.14"]
[WhiteClock "0:00:12"]
[BlackClock "0:00:21"]

1. e4 c6 2. d4 d5 3. exd5 cxd5 4. c4 Nf6 5. Nc3 Nc6 6. Bg5 Be6 7. Be2 Qa5 8. Bxf6 exf6 9. a3 dxc4 10. d5 O-O-O 11. Bxc4 Ne5 12. Ba2 Bf5 13. Ne2 Nd3+ 14. Kf1 Qb6 15. Nd4 Qxd4 16. Qd2 Bc5 17. Bb1 Rhe8 18. Bc2 Kb8 19. Rd1 Bg6 20. Bxd3 Bxd3+ 21. Kg1 Ba6 0-1


[Site "https://www.chess.com"]

[Event "Titled Tuesday Blitz December 14 2021"]
[White "Bluebaum, Matthias"]
[Black "Weetik, Vjacheslav"]
[WhiteFideId "24651516"]
[BlackFideId "4153472"]
[WhiteElo "2609"]
[BlackElo "2469"]
[Result "0-1"]
[Round "08"]
[TimeControl "180+1"]
[Date "2021.12.14"]
[WhiteClock "0:00:06"]
[BlackClock "0:00:14"]

1. Nf3 d5 2. b3 Bg4 3. e3 Nd7 4. Bb2 Ngf6 5. h3 Bh5 6. d3 e6 7. g4 Bg6 8. Nh4 Bb4+ 9. Nd2 c6 10. a3 Bd6 11. g5 Nh5 12. Rg1 h6 13. Nxg6 fxg6 14. d4 Qe7 15. Bd3 Qf7 16. Qg4 O-O-O 17. gxh6 Nhf6 18. Qxg6 Qxg6 19. Rxg6 Rxh6 20. Rxh6 gxh6 21. f4 Rg8 22. Kf2 Nh5 23. Rg1 Rxg1 24. Kxg1 Kd8 25. Kg2 Ke7 26. c4 Bxf4 27. Be2 Bxe3 28. Nf1 Nf4+ 29. Kf3 Nxe2 30. Kxe3 Ng1 31. h4 dxc4 32. bxc4 b5 33. cxb5 Nb6 34. Bc3 Nd5+ 35. Kd3 cxb5 36. Bd2 Nf3 37. Bxh6 Kf7 38. h5 Nf6 39. Ke3 Nh4 40. Kd3 Nf5 41. Bf4 Nxh5 42. Bb8 a6 43. Kc3 Ne7 44. Kb4 Nc6+ 45. Kc5 Nxb8 46. Kb6 Nf4 47. Ne3 Nd5+ 48. Nxd5 exd5 49. Kb7 a5 50. Kxb8 b4 51. Ka7 bxa3 52. Ka6 a2 53. Kxa5 a1=Q+ 54. Kb4 Qxd4+ 55. Kb5 Qc4+ 56. Kb6 d4 57. Kb7 d3 58. Ka8 d2 59. Kb7 d1=Q 0-1


[Site "https://www.chess.com"]

[Event "Titled Tuesday Blitz December 14 2021"]
[White "Bortnyk, Olexandr"]
[Black "Xiong, Jeffery"]
[WhiteFideId "14120828"]
[BlackFideId "2047640"]
[WhiteElo "2723"]
[BlackElo "2727"]
[Result "0-1"]
[Round "08"]
[TimeControl "180+1"]
[Date "2021.12.14"]
[WhiteClock "0:00:02"]
[BlackClock "0:00:34"]

1. e4 c5 2. c3 e6 3. d4 cxd4 4. cxd4 d5 5. Nc3 Nc6 6. e5 Nge7 7. Nf3 Nf5 8. a3 Bd7 9. b4 Be7 10. b5 Na5 11. Bd3 Rc8 12. Bd2 Nh4 13. Nxh4 Bxh4 14. O-O Nc4 15. Bxc4 Rxc4 16. Qg4 Kf8 17. Rac1 h5 18. Qf4 Be7 19. a4 h4 20. h3 Rh5 21. Qg4 Rxe5 22. dxe5 Rxg4 23. hxg4 f6 24. exf6 Bxf6 25. Ne2 e5 26. g5 Bxg5 27. f4 exf4 28. Nxf4 Kg8 29. Rce1 h3 30. gxh3 Bxh3 31. Rf3 Bf5 32. Re5 Be4 33. Rg3 Bf6 34. Re6 Bd4+ 35. Kf1 Qh4 36. Re8+ Kf7 37. Rxe4 dxe4 38. Ne2 Qh1+ 39. Ng1 Bxg1 40. Rxg1 Qf3+ 41. Ke1 e3 42. Bxe3 Qxe3+ 43. Kf1 Qc1+ 0-1


[Site "https://www.chess.com"]

[Event "Titled Tuesday Blitz December 14 2021"]
[White "Chigaev, Maksim"]
[Black "Arutinian, David"]
[WhiteFideId "4108116"]
[BlackFideId "13601741"]
[WhiteElo "2546"]
[BlackElo "2525"]
[Result "1-0"]
[Round "08"]
[TimeControl "180+1"]
[Date "2021.12.14"]
[WhiteClock "0:00:47"]
[BlackClock "0:00:50"]

1. Nf3 Nf6 2. d4 e6 3. Bf4 d5 4. e3 Bd6 5. Bg3 O-O 6. Nbd2 c5 7. c3 Qc7 8. Ne5 b6 9. f4 Bb7 10. Bd3 Nc6 11. Bh4 Nd7 12. Qh5 f5 13. g4 Nf6 14. Bxf6 gxf6 15. Nxc6 Bxc6 16. gxf5 e5 17. fxe5 fxe5 18. dxe5 Bxe5 19. O-O-O Kh8 20. Nf3 d4 21. Nh4 Bxh1 22. Ng6+ Kg7 23. Rg1 Bxh2 24. Rxh1 Qg3 25. Nxf8 Qxe3+ 26. Kc2 dxc3 27. Ne6+ Kh8 28. Qxh2 c4 29. Qxh7# 1-0


[Site "https://www.chess.com"]

[Event "Titled Tuesday Blitz December 14 2021"]
[White "Durarbayli, Vasif"]
[Black "Sviridov, Valery"]
[WhiteFideId "13402935"]
[BlackFideId "4120680"]
[WhiteElo "2599"]
[BlackElo "2454"]
[Result "0-1"]
[Round "08"]
[TimeControl "180+1"]
[Date "2021.12.14"]
[WhiteClock "0:00:02"]
[BlackClock "0:00:47"]

1. e4 e5 2. Nf3 Nc6 3. Bb5 Nge7 4. d4 exd4 5. Nxd4 g6 6. Nxc6 Nxc6 7. Bxc6 bxc6 8. Qd4 f6 9. Nc3 Bg7 10. Be3 O-O 11. O-O-O Qe7 12. h4 f5 13. Qc4+ Qf7 14. Qxf7+ Rxf7 15. Bd4 fxe4 16. Nxe4 Bxd4 17. Rxd4 d5 18. Nc5 Rxf2 19. g4 Rg2 20. g5 Bf5 21. Rd2 Rg4 22. Re2 Kf7 23. Rhe1 Rxh4 24. Re7+ Kg8 25. Rxc7 Rf8 26. Ree7 Rh2 27. b4 Rxc2+ 28. Kd1 Rh2 29. Rxa7 d4 30. Ke1 d3 31. Nb3 Bg4 32. Rg7+ Kh8 33. Rgf7 Re8+ 34. Kf1 Bf5 35. Kg1 Rh5 36. Kf2 Rh2+ 37. Kg3 Rh3+ 38. Kg2 Rh4 39. b5 cxb5 40. Kg3 Rh3+ 41. Kf2 b4 42. Nd4 d2 0-1


[Site "https://www.chess.com"]

[Event "Titled Tuesday Blitz December 14 2021"]
[White "Fawzy, Adham"]
[Black "Stromboli, Ettore"]
[WhiteFideId "10613129"]
[BlackFideId "813761"]
[WhiteElo "2508"]
[BlackElo "2414"]
[Result "1-0"]
[Round "08"]
[TimeControl "180+1"]
[Date "2021.12.14"]
[WhiteClock "0:00:16"]
[BlackClock "0:00:04"]

1. e4 e6 2. d4 d5 3. Nc3 Bb4 4. exd5 exd5 5. Bd3 Ne7 6. Ne2 Bf5 7. Bg5 Bxd3 8. Qxd3 O-O 9. O-O-O Qd7 10. h4 Nbc6 11. h5 h6 12. Bf4 Bd6 13. g4 Bxf4+ 14. Nxf4 Qxg4 15. Ncxd5 Nxd5 16. Nxd5 Qg5+ 17. Ne3 Rad8 18. Rdg1 Qf6 19. Nf5 Rxd4 20. Nxd4 Nxd4 21. Kb1 Ne6 22. Qe3 c5 23. Rg4 Rd8 24. a3 Kh8 25. Rhg1 Rd5 26. Qe4 Qe5 27. Qa4 Qxh5 28. Qxa7 Rd1+ 29. Ka2 Rxg1 30. Rxg1 Qd5+ 31. Kb1 Nd4 32. Qb8+ Kh7 33. Qg3 Ne6 34. Qg4 h5 35. Qh4 Kh6 36. Qe7 Qf3 37. Qe8 Kh7 38. Qb5 Qxf2 39. Rf1 Qg2 40. Rxf7 Nd4 41. Qd3+ Qg6 42. Rxb7 Qxd3 43. cxd3 h4 44. Rc7 h3 45. Rxc5 Kh6 46. Rc8 Kh7 47. Rc1 g5 48. a4 g4 49. a5 g3 50. a6 Nb5 51. Rc5 g2 52. Rxb5 g1=Q+ 53. Ka2 h2 54. Rb7+ Kg6 55. a7 Qxa7+ 56. Rxa7 h1=Q 57. Ra6+ Kf5 58. Ra4 Qe1 59. Rc4 Qd2 60. Rc3 Qd1 61. Ka3 Ke5 62. Kb4 Kd4 63. Ka3 Qa1+ 64. Kb3 Qa6 65. Kc2 Qa4+ 66. Kc1 Qa1+ 67. Kc2 Qa2 68. Ra3 Qd5 69. Ra4+ Ke3 70. Re4+ Kf3 71. b4 Qd7 72. Kc3 Qc6+ 73. Rc4 Qa4 74. Rc5 Ke3 75. Re5+ Kf4 76. Ra5 Qc6+ 77. Rc5 Qa4 78. b5 Ke3 79. b6 Qa3+ 80. Kc4 Qa4+ 81. Kd5 Qd4+ 82. Kc6 Qa4+ 83. Kc7 Qd4 84. Rc6 Qxd3 85. b7 Qh7+ 86. Kb6 Qb1+ 87. Kc7 Qh7+ 88. Kb6 Qb1+ 89. Ka7 Qa2+ 90. Ra6 Qb3 91. Rb6 Qa3+ 92. Ra6 Qc5+ 93. Ka8 Qd5 94. Ra3+ Ke2 95. Ra6 Qa2 96. Ka7 Qc4 97. b8=Q Qc5+ 98. Qb6 Qc4 99. Qe6+ Qxe6 100. Rxe6+ Kf3 101. Rb6 Kg2 102. Ka6 Kg3 103. Kb5 1-0


[Site "https://www.chess.com"]

[Event "Titled Tuesday Blitz December 14 2021"]
[White "Grandelius, Nils"]
[Black "Wagner, Dinara"]
[WhiteFideId "1710400"]
[BlackFideId "24157570"]
[WhiteElo "2617"]
[BlackElo "2216"]
[Result "1-0"]
[Round "08"]
[TimeControl "180+1"]
[Date "2021.12.14"]
[WhiteClock "0:00:13"]
[BlackClock "0:00:13"]

1. Nf3 d5 2. g3 c6 3. Bg2 Bf5 4. O-O Nf6 5. c4 e6 6. cxd5 exd5 7. Qb3 Qb6 8. d3 Nbd7 9. Be3 Qxb3 10. axb3 a6 11. Bd2 h6 12. b4 Be7 13. Bc3 O-O 14. Nbd2 Bh7 15. Nb3 Ne8 16. Bh3 f5 17. Nfd4 Nd6 18. Nc5 Nxc5 19. bxc5 Nb5 20. Nxb5 axb5 21. Bd4 g5 22. Rfe1 Bg6 23. f3 Rfe8 24. Kf2 Kf7 25. b4 Bf6 26. Bxf6 Kxf6 27. f4 d4 28. Reb1 Bf7 29. Bg2 Kg6 30. Ke1 Kf6 31. Kd2 Bh5 32. Bf1 Bg4 33. Rc1 Bh5 34. Rcb1 Bg4 35. h3 Bh5 36. Re1 Bf7 37. Bg2 Bh5 38. Bf1 Bf7 39. Reb1 Bh5 40. Rd1 Bf7 41. Rdc1 Bh5 42. Rcb1 Bf7 43. Ra5 Rxa5 44. bxa5 Ra8 45. Rb4 gxf4 46. gxf4 Rxa5 47. Rxd4 b4 48. Rxb4 Rxc5 49. Rxb7 Ra5 50. Bg2 c5 51. Rc7 Ra2+ 52. Ke3 Bh5 53. Rc6+ Kg7 54. Bf3 Bxf3 55. Kxf3 Rc2 56. h4 h5 57. Ke3 Rc1 58. Kd2 Rf1 59. e3 Rf2+ 60. Kd1 Rf3 61. Ke2 Rh3 62. Rxc5 Kg6 63. Rc6+ Kg7 64. d4 Rxh4 65. d5 Rh2+ 66. Kd3 Kf7 67. Rh6 h4 68. Kd4 h3 69. Ke5 Ke7 70. Kxf5 Rd2 71. Rxh3 Rxd5+ 72. Ke4 Ra5 73. Rh7+ Kf6 74. Rh6+ Kg7 75. Rb6 Kf7 76. f5 Ke7 77. Kf4 Kf7 78. e4 Ke7 79. Rb7+ Kf6 80. e5+ 1-0


[Site "https://www.chess.com"]

[Event "Titled Tuesday Blitz December 14 2021"]
[White "Guseva, Marina"]
[Black "Acor, Corey"]
[WhiteFideId "4149351"]
[BlackFideId "2024861"]
[WhiteElo "2279"]
[BlackElo "2303"]
[Result "0-1"]
[Round "08"]
[TimeControl "180+1"]
[Date "2021.12.14"]
[WhiteClock "0:00:03"]
[BlackClock "0:00:18"]

1. d4 Nf6 2. c4 e5 3. dxe5 Ng4 4. Bf4 Nc6 5. Nf3 Bb4+ 6. Nbd2 Qe7 7. e3 Ngxe5 8. Nxe5 Nxe5 9. Be2 d6 10. O-O Bxd2 11. Qxd2 b6 12. b4 Nd7 13. Qc3 O-O 14. Bf3 Rb8 15. a4 Bb7 16. Bxb7 Rxb7 17. a5 Re8 18. h3 h6 19. Ra2 Nf6 20. Rc1 g5 21. Bh2 Ne4 22. Qe1 f5 23. axb6 axb6 24. Kh1 Qf7 25. f3 Nf6 26. Re2 Qe6 27. c5 dxc5 28. bxc5 b5 29. c6 Rb6 30. Rec2 f4 31. e4 b4 32. Bg1 b3 33. Rb2 Rb5 34. Qc3 Kf7 35. Bd4 Nh5 36. Qd3 Reb8 37. Bc3 Rc5 38. e5 Ng3+ 39. Kh2 Kg8 40. Rd1 Rxc6 41. Bd4 Rd8 42. Rbd2 Nf5 43. Qb1 Rc2 44. Bc3 Rdxd2 45. Bxd2 c5 46. Ba5 c4 47. Rd8+ Kf7 48. Qd1 Ne3 49. Rd7+ Kg6 50. Qd4 Rxg2+ 51. Kh1 Qxh3# 0-1


[Site "https://www.chess.com"]

[Event "Titled Tuesday Blitz December 14 2021"]
[White "Holt, Conrad"]
[Black "Dobrov, Vladimir"]
[WhiteFideId "2034387"]
[BlackFideId "4136594"]
[WhiteElo "2586"]
[BlackElo "2614"]
[Result "1-0"]
[Round "08"]
[TimeControl "180+1"]
[Date "2021.12.14"]
[WhiteClock "0:00:22"]
[BlackClock "0:00:01"]

1. d4 Nf6 2. c4 e6 3. Nc3 Bb4 4. Qc2 d5 5. cxd5 exd5 6. Bg5 h6 7. Bxf6 Qxf6 8. a3 Bxc3+ 9. Qxc3 c6 10. e3 O-O 11. Ne2 Re8 12. Ng3 g6 13. Bd3 h5 14. h3 a5 15. O-O h4 16. Ne2 Nd7 17. b4 a4 18. Rac1 Nf8 19. b5 Bd7 20. bxc6 bxc6 21. Rb1 Ne6 22. Rb7 Re7 23. Rfb1 Kg7 24. Qb4 Rae8 25. Qd6 Bc8 26. Rxe7 Qxe7 27. Qxc6 Bd7 28. Qxd5 Qxa3 29. Bxg6 fxg6 30. Qxd7+ Re7 31. Qb5 Nf8 32. Nf4 Rxe3 33. fxe3 Qxe3+ 34. Kh1 Qxf4 35. Qxa4 Kh6 36. Qe8 Nh7 37. d5 Qd2 38. Qe5 Ng5 39. Re1 Qd3 40. d6 Nf7 41. Qf4+ Ng5 42. Qf8+ 1-0


[Site "https://www.chess.com"]

[Event "Titled Tuesday Blitz December 14 2021"]
[White "Ibarra Jerez, Jose Carlos"]
[Black "Martinez Alcantara, Jose Eduardo"]
[WhiteFideId "2226332"]
[BlackFideId "3805662"]
[WhiteElo "2626"]
[BlackElo "2690"]
[Result "0-1"]
[Round "08"]
[TimeControl "180+1"]
[Date "2021.12.14"]
[WhiteClock "0:00:05"]
[BlackClock "0:00:05"]

1. Nf3 c5 2. g3 Nc6 3. Bg2 g6 4. O-O Bg7 5. c3 e5 6. d4 cxd4 7. cxd4 e4 8. Ne5 d5 9. Nc3 Nge7 10. Nxc6 bxc6 11. Bf4 O-O 12. Rc1 Nf5 13. Na4 Nxd4 14. Be3 Nf5 15. Rxc6 Nxe3 16. fxe3 Qg5 17. Rf4 Be5 18. Nc3 Be6 19. Qd2 Bxf4 20. exf4 Qd8 21. Qd4 Rc8 22. Rxc8 Qxc8 23. Qxa7 Qb8 24. Qa3 Qb6+ 25. Kf1 Rb8 26. Na4 Qd4 27. Qd6 Rc8 28. Nc3 Qd2 29. Kf2 Qxb2 30. Nd1 Qd4+ 31. Ne3 Rc3 32. Qb8+ Kg7 33. Qe5+ Qxe5 34. fxe5 d4 35. Nd1 e3+ 36. Kf3 Bd5+ 37. Kf4 Bxg2 38. Nxc3 dxc3 39. Kxe3 Be4 40. a4 Kf8 41. a5 Ke7 42. a6 Bc6 43. Kd3 Bb5+ 44. Kxc3 Bxa6 45. e3 Ke6 46. Kd4 Bb7 47. e4 Ba8 48. g4 g5 0-1


[Site "https://www.chess.com"]

[Event "Titled Tuesday Blitz December 14 2021"]
[White "Jobava, Baadur"]
[Black "Nikologorskiy, Konstantin"]
[WhiteFideId "13601520"]
[BlackFideId "24111708"]
[WhiteElo "2689"]
[BlackElo "2346"]
[Result "1-0"]
[Round "08"]
[TimeControl "180+1"]
[Date "2021.12.14"]
[WhiteClock "0:01:54"]
[BlackClock "0:00:08"]

1. b3 c5 2. Bb2 Nc6 3. e3 Nf6 4. Bxf6 exf6 5. c4 d5 6. cxd5 Qxd5 7. Nc3 Qd8 8. Bb5 Bd7 9. Nge2 Ne5 10. Bxd7+ Qxd7 11. O-O Bd6 12. d4 cxd4 13. Qxd4 O-O 14. Rfd1 Rfd8 15. Nd5 Qg4 16. Qxg4 Nxg4 17. h3 Ne5 18. f4 Nc6 19. Kf2 Ba3 20. Rd3 Kf8 21. Rad1 Bc5 22. Kf3 f5 23. g4 fxg4+ 24. hxg4 h6 25. Nec3 Ne7 26. e4 Nxd5 27. Nxd5 Rac8 28. e5 a6 29. Ke4 Rd7 30. f5 Re8 31. Nf4 Rxd3 32. Rxd3 Ke7 33. b4 Bg1 34. Rd6 Rc8 35. Nd5+ Ke8 36. e6 fxe6 37. fxe6 Rc4+ 38. Kf5 Rc6 39. Rd7 g6+ 40. Ke5 Bh2+ 41. Kf6 Bd6 42. Rxb7 1-0


[Site "https://www.chess.com"]

[Event "Titled Tuesday Blitz December 14 2021"]
[White "Kamsky, Gata"]
[Black "Maksimenko, Viktor"]
[WhiteFideId "2000024"]
[BlackFideId "13710478"]
[WhiteElo "2645"]
[BlackElo "2269"]
[Result "1-0"]
[Round "08"]
[TimeControl "180+1"]
[Date "2021.12.14"]
[WhiteClock "0:01:32"]
[BlackClock "0:01:45"]

1. e4 c6 2. d3 d5 3. Nf3 dxe4 4. dxe4 Qxd1+ 5. Kxd1 Nf6 6. Nfd2 g5 7. a4 h5 8. a5 Rg8 9. Nc3 g4 10. Nb3 Nbd7 11. Be3 Ne5 12. Ra4 Be6 13. Nc5 O-O-O 14. Kc1 a6 15. Rb4 Rd7 16. Rxb7 Rxb7 17. Bxa6 Nfd7 18. Bxb7+ Kc7 19. Nxe6+ fxe6 20. Ba6 1-0


[Site "https://www.chess.com"]

[Event "Titled Tuesday Blitz December 14 2021"]
[White "Khabinets, Ivan"]
[Black "Vokhidov, Shamsiddin"]
[WhiteFideId "14115980"]
[BlackFideId "14204223"]
[WhiteElo "2114"]
[BlackElo "2613"]
[Result "0-1"]
[Round "08"]
[TimeControl "180+1"]
[Date "2021.12.14"]
[WhiteClock "0:00:01"]
[BlackClock "0:01:17"]

1. e4 c5 2. Nf3 d6 3. d4 cxd4 4. Nxd4 Nf6 5. Nc3 Nc6 6. f3 e5 7. Nb3 Be7 8. Be3 Be6 9. Nd5 O-O 10. Qd2 a5 11. Bb6 Qd7 12. Nc7 a4 13. Nxa8 Rxa8 14. Na5 d5 15. Bb5 Qc8 16. Nxc6 bxc6 17. Bd3 c5 18. exd5 Nxd5 19. Ba5 c4 20. Be4 Rxa5 21. c3 Qc5 22. a3 Rb5 23. O-O-O h6 24. Kb1 Bg5 25. Qc2 Ne3 26. Qxa4 f5 27. Qa6 Rb6 28. Qa8+ Kh7 29. h4 Nxd1 30. hxg5 Nxc3+ 31. Ka1 Qf2 32. g6+ Kxg6 33. Qe8+ Kh7 34. Bxf5+ Bxf5 35. Rxh6+ Rxh6 0-1


[Site "https://www.chess.com"]

[Event "Titled Tuesday Blitz December 14 2021"]
[White "Koellner, Ruben Gideon"]
[Black "Horvath, Dominik"]
[WhiteFideId "12993093"]
[BlackFideId "1642561"]
[WhiteElo "2599"]
[BlackElo "2336"]
[Result "0-1"]
[Round "08"]
[TimeControl "180+1"]
[Date "2021.12.14"]
[WhiteClock "0:00:02"]
[BlackClock "0:00:55"]

1. d4 f5 2. Bg5 b5 3. e3 a6 4. Nc3 Bb7 5. Nf3 g6 6. h4 Nf6 7. Bd3 Bg7 8. h5 Nxh5 9. Rxh5 gxh5 10. Ne5 O-O 11. Qxh5 Qe8 12. Qh4 d6 13. Nf3 e5 14. Be2 b4 15. Bc4+ Kh8 16. Nd5 Bxd5 17. Bxd5 c6 18. Bb3 e4 19. Nd2 Nd7 20. O-O-O Bf6 21. Rh1 Qe7 22. Bxf6+ Nxf6 23. Nf1 a5 24. Ng3 Qd7 25. Nh5 Nxh5 26. Qxh5 Ra7 27. Qh6 Qe7 28. g3 a4 29. Be6 Rf6 0-1


[Site "https://www.chess.com"]

[Event "Titled Tuesday Blitz December 14 2021"]
[White "Lazavik, Denis"]
[Black "Petrovskyi, Vadym"]
[WhiteFideId "13515110"]
[BlackFideId "14165210"]
[WhiteElo "2436"]
[BlackElo "2377"]
[Result "1-0"]
[Round "08"]
[TimeControl "180+1"]
[Date "2021.12.14"]
[WhiteClock "0:00:10"]
[BlackClock "0:00:05"]

1. d4 Nf6 2. c4 e6 3. Nf3 Be7 4. g3 d5 5. Bg2 O-O 6. O-O dxc4 7. Qc2 a6 8. a4 Bd7 9. Qxc4 Bc6 10. Bg5 Bd5 11. Qc2 Be4 12. Qc1 c5 13. dxc5 h6 14. Bxf6 Bxf6 15. Nc3 Bc6 16. b4 Bxf3 17. Bxf3 Qd4 18. Ra3 Nc6 19. b5 axb5 20. Nxb5 Qb4 21. Nd6 Bb2 22. Qc2 Bxa3 23. Rb1 Nd4 24. Qd3 Qxc5 25. Nxb7 Nxf3+ 26. exf3 Qe7 27. a5 Rfb8 28. a6 Bc5 29. Kg2 h5 30. Rd1 Qc7 31. Qb5 Bf8 32. Rd7 Qc3 33. Qxh5 Qf6 34. Qb5 Qf5 35. Qc6 Qb1 36. Qc7 Qf5 37. a7 Rc8 38. Qb6 Bc5 39. Nxc5 Qxc5 40. Rd8+ Kh7 41. Qxc5 Rxd8 42. h4 Rd7 43. h5 Raxa7 44. Qc2+ Kg8 45. Qe4 Rac7 46. Qe3 Rd5 47. g4 Rcc5 48. Qa3 Rc8 49. Qa7 Rdc5 50. Qe7 R5c7 51. Qg5 Rc5 52. Qf4 Rd5 53. Qe3 Rcd8 54. h6 gxh6 55. Qxh6 Rd4 56. Qf6 R8d5 57. Qe7 Kg7 58. Qa7 Rd3 59. Qa1+ Kg6 60. Qb1 Kg7 61. Qb2+ Kg6 62. Qc2 Kg7 63. Qc4 R3d4 64. Qc3 f6 65. Qe3 Kf7 66. Qh6 Rd2 67. Qh7+ Kf8 68. Qg6 Ke7 69. Qg7+ Kd6 70. Qxf6 Rc2 71. Qd8+ Ke5 72. Qh8+ Kd6 73. Qf8+ Ke5 74. Qg7+ Kd6 75. Qf6 Rdd2 76. Kg3 Rxf2 77. Qd4+ Ke7 78. Qxf2 Rxf2 79. Kxf2 Kf6 80. Ke3 Ke5 81. f4+ Kd5 82. g5 Kd6 83. Ke4 Ke7 84. Ke5 Kf7 85. Kd6 e5 86. Kxe5 1-0


[Site "https://www.chess.com"]